 Dungeon Crawl Stone Soup version 0.26-a0-67-g850bfe61e3 (webtiles) character file.

Game seed: 3870344932358077469

126 bmfx the Slasher (level 5, 0/27 HPs)
             Began as a Vine Stalker Chaos Knight on June 12, 2020.
             Was a Plaything of Xom.
             Engulfed by Ijyb's freezing vapour (17 damage)
             ... on level 3 of the Dungeon.
             The game lasted 00:05:11 (2491 turns).

bmfx the Slasher (Vine Stalker Chaos Knight)        Turns: 2491, Time: 00:05:12

Health: 0/27       AC:  6    Str: 16    XL:     5   Next: 9%
Magic:  0/6        EV: 11    Int: 12    God:    Xom [.*....]
Gold:   102        SH:  0    Dex: 13    Spells: 4/4 levels left

rFire    . . .     SeeInvis .   l - +1 falchion (vamp)
rCold    . . .     Gourm    .   (no shield)
rNeg     . . .     Faith    .   b - +2 leather armour
rPois    .         Spirit   +   r - +0 helmet
rElec    .         Reflect  .   (no cloak)
rCorr    .         Harm     .   (no gloves)
MR       +....                  (no boots)
Stlth    +.........             (no amulet)
HPRegen  0.49/turn              a - ring of protection from magic
MPRegen  0.10/turn              (no ring)

@: no status effects
A: fangs 2, regeneration 1, magic shield, antimagic bite, no potion heal 3, rot
immunity
a: Renounce Religion


You were on level 3 of the Dungeon.
You worshipped Xom.
You were a plaything of Xom.
You were not hungry.

You visited 1 branch of the dungeon, and saw 3 of its levels.

You collected 102 gold pieces.


Innate Abilities, Weirdness & Mutations

You have extremely sharp teeth.
Your natural rate of healing is unusually fast.
When hurt, damage is shared between your health and your magic reserves.
Your bite disrupts and absorbs the magic of your enemies.
Potions cannot restore your health.
You are immune to rotting.

Dungeon Overview and Level Annotations

Branches:
Dungeon (3/15)

Altars:
Okawaru
Xom

Annotations:
D:3 Ijyb


   Skills:
 - Level 2.6 Fighting
 + Level 5.1 Long Blades
 - Level 1.5 Armour
 - Level 0.7 Dodging


You had 4 spell levels left.
You didn't know any spells.
Your spell library was empty.

Action                   |  1- 3 |  4- 6 || total
-------------------------+-------+-------++-------
Melee: Falchion          |    83 |    91 ||   174
       Bite              |    24 |    19 ||    43
Throw: Dart              |       |     7 ||     7
  Use: Scroll            |       |     1 ||     1
 Stab: Paralysed         |     2 |       ||     2
  Eat: Chunk             |     1 |     1 ||     2
       Ration            |     1 |       ||     1
Armor: Leather armour    |    23 |    29 ||    52
Dodge: Dodged            |    52 |    44 ||    96
       Rpst.: Falchion   |    15 |    17 ||    32

Skill      XL: |  1  2  3  4 |
---------------+-------------+-----
Long Blades    | 3 4 5 |  5.1
Fighting       | |  2.6
Armour         | |  1.5
Dodging        | |  0.7

Inventory:

Hand Weapons
 l - a +1 vampiric falchion (weapon)
Missiles
 i - 20 poisoned darts (quivered)
Armour
 b - a +2 leather armour (worn)
 r - a +0 helmet (worn)
Jewellery
 a - a ring of protection from magic (left hand)
Scrolls
 h - 2 scrolls of remove curse
 k - a scroll of blinking {unknown}
 m - a scroll of identify {unknown}
 n - a scroll of fog {unknown}
 p - a scroll of magic mapping {unknown}
 q - a scroll of amnesia {unknown}
Potions
 d - a potion of cancellation {unknown}
 e - 4 potions of curing {unknown}
 f - a potion of resistance
 g - 2 potions of haste {unknown}
 o - 2 potions of lignification {unknown}
Comestibles
 c - 7 rations
 j - 6 chunks of flesh {@w1}

#
♣♣..♣....#
♣♣ ♣♣♣.##
♣..# ♣♣.##
♣♣.# ♣♣
♣.##
♣§♣♣♣♣.#
♣§§§♣.#
♣@§♣§##
♣.♣g§§#
♣......##§#
.....#. #.#
######. ..#
###.## #.
#. #.


You could see Ijyb.

Vanquished Creatures
  Robin (D:3)
  A gnoll (D:1)
  2 adders (D:3)
  An ooze (D:1)
  2 worms (D:3)
  A dart slug (D:1)
  A leopard gecko (D:2)
  An orc (D:3)
  3 giant cockroaches
  15 goblins
  11 hobgoblins
  4 jackals (D:2)
  A quokka (D:3)
  6 bats
  4 frilled lizards
  6 kobolds
  9 rats
69 creatures vanquished.

Levels and vault maps discovered:
D:1:      minmay_arrival_stone_box, layout_loops_ring, minmay_indecisive_spiral
D:2:      layout_basic, okawaru_gym_becter
D:3:      layout_loops_cross, tgw_trog, chequers_ecumenical_altar_grove,
          uniq_ijyb, uniq_robin


Message History

Ijyb closely misses you.
You riposte.
You hit Ijyb.
Ijyb is severely wounded.
You closely miss Ijyb. You bite Ijyb, but do no damage.
Ijyb is severely wounded.
Ijyb zaps a wand.
Ijyb creates a blast of freezing vapour!
You closely miss Ijyb.
Ijyb is severely wounded.
You are engulfed in freezing vapours.
Ijyb hits you but does no damage.
Ijyb zaps a wand.
Ijyb creates a blast of freezing vapour!
You are too injured to fight recklessly!
Ijyb zaps a wand.
Ijyb creates a blast of freezing vapour!
The now-empty wand crumbles to dust.
You hit Ijyb but do no damage. Your bite misses Ijyb.
Ijyb is severely wounded.
You are engulfed in freezing vapours.
Ouch! That really hurt!
You die...

Notes
Turn   | Place    | Note
-------+----------+-------------------------------------------
     0 | D:1      | bmfx the Vine Stalker Chaos Knight began the quest for the
                  | Orb.
     0 | D:1      | Reached XP level 1. HP: 11/11 MP: 2/2
   132 | D:1      | Reached skill level 3 in Long Blades
   334 | D:1      | Reached XP level 2. HP: 16/16 MP: 3/3
   586 | D:1      | Reached XP level 3. HP: 19/19 MP: 4/4
  1000 | D:2      | Reached skill level 4 in Long Blades
  1124 | D:2      | Found an iron altar of Okawaru.
  1523 | D:2      | XOM: cloud trail
  1592 | D:2      | XOM: scenery: 1 doors close
  1746 | D:3      | Gained mutation: Your natural rate of healing is unusually
                  | fast. [Vine Stalker growth]
  1746 | D:3      | Reached XP level 4. HP: 22/23 MP: 5/5
  1812 | D:3      | Noticed Robin
  2041 | D:3      | XOM: divination: detect items
  2136 | D:3      | XOM: butterfly on damage
  2204 | D:3      | XOM: scenery: create altars
  2233 | D:3      | HP: 1/23 [Robin/+1 trident of protection (3)]
  2279 | D:3      | XOM: swap monsters
  2285 | D:3      | Killed Robin
  2373 | D:3      | Reached skill level 5 in Long Blades
  2373 | D:3      | Reached XP level 5. HP: 20/27 MP: 3/6
  2476 | D:3      | Noticed Ijyb
  2491 | D:3      | Engulfed by Ijyb's freezing vapour
